 Dungeon Crawl Stone Soup version 0.23-a0-242-g2b5ca64 (webtiles) character file.

9353 Amnesiac the Martial Artist (level 11, 0/82 HPs)
             Began as a Demigod Transmuter on Sept 28, 2018.
             Slain by a yak (13 damage)
             ... on level 1 of the Lair of Beasts.
             The game lasted 00:25:29 (10437 turns).

Amnesiac the Martial Artist (Demigod Transmuter)   Turns: 10437, Time: 00:25:30

Health: 0/82       AC:  9    Str: 17    XL:     11   Next: 2%
Magic:  21/25      EV: 17    Int: 20    God:
Gold:   95         SH:  0    Dex: 14    Spells: 12/23 levels left

rFire    + . .     SeeInvis +     - Unarmed
rCold    + . .     Gourm    .   (shield currently unavailable)
rNeg     . . .     Faith    .   b - +0 robe
rPois    .         Spirit   .   O - +2 helmet {Int+3}
rElec    +         Reflect  .   f - scarf {rC+ rF+}
rCorr    .         Harm     .   (gloves currently unavailable)
MR       +....                  u - +0 pair of boots "Deyluunn" {rElec Dex-4 SInv Stlth+}
Stlth    ++........             (no amulet)
HPRegen  0.23/turn              y - +3 ring of protection
MPRegen  0.19/turn              M - +5 ring of evasion

@: blade hands
A: high mp 1
a: End Transformation


You were on level 1 of the Lair of Beasts.
You were not hungry.
You had blades for hands.
You visited 3 branches of the dungeon, and saw 11 of its levels.
You also visited: Ossuary.

You collected 708 gold pieces.
You spent 613 gold pieces at shops.

Inventory:

Hand Weapons
 a - the +7 great sword of Defilement (melded) {freeze, Int+4}
   (You found it on level 4 of the Dungeon)

   It has been specially enchanted to freeze those struck by it, causing extra
   injury to most foes and up to half again as much damage against particularly
   susceptible opponents.
   It can also slow down cold-blooded creatures.
   It affects your intelligence (+4).
 J - a +0 blowgun
Missiles
 x - 118 arrows
 K - 14 poisoned needles
Armour
 b - a +0 robe (worn)
 c - a +1 cloak
 f - a scarf of resistance (worn)
 o - a +0 pair of boots
 p - a scarf of spirit shield
 t - a +0 plate armour
 u - the +0 pair of boots "Deyluunn" (worn) {rElec Dex-4 SInv Stlth+}
   (You found it on level 6 of the Dungeon)

   It affects your dexterity (-4).
   It insulates you from electricity.
   It lets you see invisible.
   It makes you more stealthy.
 O - a +2 helmet of intelligence (worn)
Jewellery
 i - an uncursed ring of magical power
 v - an uncursed ring of wizardry
 y - a +3 ring of protection (left scythe-like blade)
 F - an uncursed ring of poison resistance
 M - a +5 ring of evasion (right scythe-like blade)
Wands
 C - a wand of polymorph (10)
 E - a wand of acid (3)
 G - a wand of flame (32)
 H - a wand of paralysis (20)
 I - a wand of random effects (24)
Scrolls
 g - 3 scrolls of remove curse {!r}
 h - 5 scrolls of teleportation {!r}
 j - 2 scrolls of identify {!r}
 l - 2 scrolls of amnesia {!r}
 q - a scroll of fear {!r}
 r - 2 scrolls of blinking {!r}
 D - a scroll of enchant weapon {!r}
 L - a scroll of fog {!r, unknown}
 N - a scroll of holy word {!r, unknown}
Potions
 e - 8 potions of curing {!q}
 k - 2 potions of mutation {!q}
 m - 4 potions of heal wounds {!q}
 n - a potion of invisibility {!q}
 s - a potion of agility {!q}
 w - 2 potions of flight {!q}
 z - 2 potions of resistance {!q}
 A - 4 potions of haste {!q}
 B - a potion of might {!q}
Comestibles
 d - 22 rations


   Skills:
 - Level 3.0 Fighting
 - Level 2.0 Dodging
 * Level 10.5 Unarmed Combat
 + Level 6.8 Spellcasting
 - Level 10.0 Transmutations


You had 12 spell levels left.
You knew the following spells:

 Your Spells              Type           Power        Failure   Level  Hunger
a - Spider Form           Tmut/Pois      ####......   28%         3    #......
b - Sticks to Snakes      Tmut           #####...     10%         2    None
c - Beastly Appendage     Tmut           #####.       8%          1    None
e - Blade Hands           Tmut           #####.....   30%         5    #####..

Your spell library contained the following spells:

 Spells                   Type           Power        Failure   Level  Hunger
 Ice Form                 Ice/Tmut       ####....     50%         4    ###....


Dungeon Overview and Level Annotations

Branches:
Dungeon (9/15)             Temple (1/1) D:6            Lair (1/6) D:9
    Orc: D:9-12

Shops:
D:4 !   D:8 *   D:9 [


Innate Abilities, Weirdness & Mutations

You have an increased reservoir of magic. (+10% MP)


Message History

The yak barely misses you.
You slice the yak!!
You kill the yak!
The yak closely misses you.
You slice the yak!!
The yak is severely wounded.
The yak gores you! x2
* * * LOW HITPOINT WARNING * * *
You slash the yak!
You kill the yak!
You have reached level 11!
Your hands revert to their normal proportions.
The +7 great sword of Defilement {freeze, Int+4} glows with a cold blue light!
The yak gores you!
* * * LOW HITPOINT WARNING * * *
The yak snorts and paws the ground.
The yak barely misses you.
You riposte.
You barely miss the yak. The yak gores you.
* * * LOW HITPOINT WARNING * * *
There is an open door here.
All of the chunks of flesh in your inventory have rotted away.
Casting: Blade Hands (safe; 3% risk of failure)
Confirm with . or Enter, or press ? or * to list all spells.
Your hands turn into razor-sharp scythe blades.
The +7 great sword of Defilement {freeze, Int+4} stops glowing.
You slash the yak!
The yak is lightly wounded.
You slice the yak!!
The yak is severely wounded.
The yak gores you.
* * * LOW HITPOINT WARNING * * *
You slice the yak!!
You kill the yak!
You slash the yak!
The yak is moderately wounded.
The yak gores you!
* * * LOW HITPOINT WARNING * * *
You are too injured to fight recklessly!
You are too injured to fight recklessly!
You are too injured to fight recklessly!
You are too injured to fight recklessly!
You are too injured to fight recklessly!
You are too injured to fight recklessly!
You are too injured to fight recklessly!
You are too injured to fight recklessly!
You are too injured to fight recklessly!
You are too injured to fight recklessly!
You are too injured to fight recklessly!
You are too injured to fight recklessly!
You are too injured to fight recklessly!
You are too injured to fight recklessly!
You are too injured to fight recklessly!
You are too injured to fight recklessly!
You are too injured to fight recklessly!
You are too injured to fight recklessly!
You are too injured to fight recklessly!
You are too injured to fight recklessly!
You are too injured to fight recklessly!
You hit the yak but do no damage.
The yak is moderately wounded.
You barely miss the yak.
The yak is moderately wounded.
The yak gores you!
You die...

##.≈≈≈≈≈≈≈.P## ##...≈...###
##.###.### ##+ # #######..# ##
#..## # #....###.# #..# ### ##
.....÷...# ###'####.###.
....P####.# ###.........##.
....## ##########Y.........###.
....# ##.#...@YYY#........'...
....######....#######........#Y##
...........#### ####.#######
....P######.# ### .#P.## ###
#####


You could see 4 yaks.

Vanquished Creatures
  2 two-headed ogres (D:9)
  Pikel (D:9)
  A troll (D:9)
  Prince Ribbit (D:5)
  6 slime creatures
  A hippogriff (D:4)
  9 yaks
  3 hogs (D:9)
  A human (D:9)
  An ice beast (D:5)
  4 ogres
  4 phantoms
  2 sky beasts
  3 orc warriors
  2 black bears
  4 slaves (D:9)
  2 necrophages (D:9)
  An eye of draining (D:6)
  A centaur (D:8)
  3 crocodiles (Lair:1)
  2 bullfrogs
  Blork the orc (D:5)
  2 big kobolds
  2 scorpions
  A water moccasin skeleton (D:7)
  2 howler monkeys
  4 crimson imps
  5 hounds
  4 orc priests
  A bullfrog skeleton (D:9)
  2 jellies
  13 orc wizards
  A centaur skeleton (D:8)
  Crazy Yiuf (D:2)
  4 iguanas
  6 worker ants
  Natasha (thrice) (D:3 D:6)
  A hound zombie (D:8)
  A hound skeleton (D:9)
  8 mummies (Ossuary)
  11 adders
  3 gnolls (D:5)
  5 shadow imps
  An adder zombie (D:9)
  3 adder skeletons
  3 worms
  A dart slug (D:3)
  A leopard gecko (D:6)
  25 orcs
  5 giant cockroaches
  7 goblins
  10 hobgoblins
  4 jackals
  16 kobolds
  2 quokkas
  2 ball pythons (D:3)
  8 bats
  5 frilled lizards
  A gnoll zombie (Ossuary)
  A jackal zombie (D:6)
  4 kobold zombies (Ossuary)
  3 orc zombies (Ossuary)
  A quokka zombie (D:5)
  5 rats
243 creatures vanquished.

Vanquished Creatures (others)
  A fungus (Lair:1)
1 creature vanquished.

Grand Total: 244 creatures vanquished

Notes
Turn   | Place    | Note
-------+----------+-------------------------------------------
     0 | D:1      | Amnesiac the Demigod Transmuter began the quest for the
                  | Orb.
     0 | D:1      | Reached XP level 1. HP: 15/15 MP: 5/5
    76 | D:1      | Reached skill level 1 in Fighting
   265 | D:1      | Reached XP level 2. HP: 19/23 MP: 5/7
   275 | D:1      | Learned a level 2 spell: Sticks to Snakes
  1234 | D:2      | Reached XP level 3. HP: 27/28 MP: 8/8
  1258 | D:1      | Learned a level 3 spell: Spider Form
  1670 | D:2      | Found a runed door.
  2006 | D:2      | Noticed Crazy Yiuf
  2015 | D:2      | Killed Crazy Yiuf
  2015 | D:2      | Reached XP level 4. HP: 35/35 MP: 10/10
  2221 | D:3      | Noticed Natasha
  2260 | D:3      | Killed Natasha
  2325 | D:3      | Noticed Natasha
  2336 | D:3      | Killed Natasha
  2436 | D:3      | Reached XP level 5. HP: 40/41 MP: 11/11
  2935 | D:3      | Found a sacrificial altar of Ru.
  3286 | D:4      | Found Cinoumull's Distillery.
  3294 | D:4      | Bought a potion of heal wounds for 70 gold pieces
  3294 | D:4      | Bought a potion of degeneration for 14 gold pieces
  3446 | D:4      | Noticed an ogre
  3455 | D:4      | Killed an ogre
  3455 | D:4      | Reached XP level 6. HP: 49/49 MP: 13/13
  3710 | D:4      | Got a warped great sword
  3859 | D:4      | Identified the +7 great sword of Defilement {freeze, Int+4}
                  | (You found it on level 4 of the Dungeon)
  4091 | D:4      | Found an ornate altar of the Wu Jian Council.
  4133 | D:4      | Noticed a hippogriff
  4155 | D:4      | Killed a hippogriff
  4155 | D:4      | Reached skill level 5 in Unarmed Combat
  4155 | D:4      | Reached XP level 7. HP: 37/56 MP: 14/14
  4357 | D:5      | Entered Level 5 of the Dungeon
  4368 | D:5      | Noticed Prince Ribbit
  4377 | D:5      | Killed Prince Ribbit
  4377 | D:5      | Reached skill level 5 in Transmutations
  4500 | D:5      | Found an opulent altar of Gozag.
  4793 | D:5      | Noticed Blork the orc
  4799 | D:5      | Killed Blork the orc
  4825 | D:5      | Reached XP level 8. HP: 61/63 MP: 17/17
  5098 | D:5      | Found a stormy altar of Qazlal.
  5278 | D:6      | Noticed Natasha
  5347 | D:6      | Killed Natasha
  5381 | D:6      | Got a pair of twisted boots
  5407 | D:6      | Found a sand-covered staircase.
  5437 | Ossuary  | Entered an ossuary
  5597 | Ossuary  | Learned a level 5 spell: Blade Hands
  5858 | D:6      | Identified the cursed +0 pair of boots "Deyluunn" {rElec
                  | Dex-4 SInv Stlth+} (You found it on level 6 of the Dungeon)
  5991 | D:6      | Found a deep blue altar of Sif Muna.
  6313 | D:6      | Found a staircase to the Ecumenical Temple.
  6440 | D:6      | Found an iron altar of Okawaru.
  6977 | Temple   | Entered the Ecumenical Temple
  7103 | D:7      | Reached XP level 9. HP: 31/69 MP: 14/19
  7669 | D:8      | Found Pamm's General Store.
  7861 | D:8      | Reached skill level 5 in Spellcasting
  8751 | D:9      | Noticed a two-headed ogre
  8833 | D:9      | Killed a two-headed ogre
  8864 | D:9      | Found a staircase to the Lair.
  8876 | D:9      | Noticed Pikel
  8912 | D:9      | Killed Pikel
  8912 | D:9      | Reached XP level 10. HP: 47/77 MP: 22/22
  9330 | D:9      | Noticed a two-headed ogre
  9354 | D:9      | Killed a two-headed ogre
  9412 | D:9      | Found Qiem's Antique Armour Emporium.
  9433 | D:9      | Reached skill level 10 in Unarmed Combat
  9462 | D:9      | Bought a glowing helmet for 187 gold pieces
  9475 | D:9      | Bought a silken robe for 142 gold pieces
  9485 | D:9      | Identified the +0 robe "Wumadeaxt" {rN+ Int-5 Slay+2
                  | Stlth+} (You bought it in a shop on level 9 of the Dungeon)
  9491 | D:9      | Bought an embroidered scarf for 200 gold pieces
 10048 | D:9      | Found a radiant altar of Vehumet.
 10107 | Lair:1   | Entered Level 1 of the Lair of Beasts
 10114 | Lair:1   | Paralysed by fainting for 6 turns
 10180 | Lair:1   | Reached skill level 10 in Transmutations
 10410 | Lair:1   | Reached XP level 11. HP: 31/82 MP: 21/25
 10437 | Lair:1   | Slain by a yak

Vault maps used:
D:1:      sevenhm_arrival_forest_fort_large_2, minmay_tromino_v7
D:2:      uniq_crazy_yiuf_cottage
D:3:      lemuel_crystal_altar, uniq_natasha
D:4:      kennysheep_mini_moat, first_ration, serial_shops, shop
D:5:      nicolae_overflow_hidden_temple, grunt_qazlal_clouds,
          uniq_blork_the_orc, uniq_prince_ribbit1
D:6:      kennysheep_mini, minmay_temple_entry_glassed_door,
          nicolae_ossuary_entry_plus, basic_altar, minmay_misc_feat_tower
D:8:      serial_shops, shop
D:9:      marbit_many_paths, lair_entry_dummy, serial_shops, shop,
          grunt_livestock, minmay_statues_item, uniq_pikel
Temple:   minmay_crystal_spiral_temple
Lair:1:   gammafunk_lair_bear_cave, infiniplex_staircase_pool_2,
          lemuel_fruit_fields, lemuel_fruit_tree
Ossuary:  ossuary_tomb_3

Skill      XL: |  1  2  3  4  5  6  7  8  9 10 |
---------------+-------------------------------+-----
Dodging        | 2 |  2.0
Fighting       | 1 2 3 |  3.0
Unarmed Combat | 3 4 5 6 7 9 10 | 10.5
Transmutations | 2 3 4 5 7 8 10 | 10.0
Spellcasting   | 2 3 4 5 6 |  6.8

Action                   |  1- 3 |  4- 6 |  7- 9 | 10-12 || total
-------------------------+-------+-------+-------+-------++-------
Melee: Unarmed           |   103 |   103 |   341 |   116 ||   663
       Kick              |     8 |       |       |       ||     8
       Headbutt          |     5 |       |       |       ||     5
       Great sword       |       |       |    30 |    23 ||    53
       Punch             |       |       |     2 |     5 ||     7
 Cast: Beastly Appendage |    21 |       |       |       ||    21
       Spider Form       |     9 |    24 |    31 |     2 ||    66
       Blade Hands       |       |       |    20 |    13 ||    33
       Sticks to Snakes  |       |       |       |     1 ||     1
  Use: Scroll            |     5 |     1 |    12 |     1 ||    19
       Potion            |       |       |     2 |       ||     2
 Stab: Sleeping          |       |     1 |     1 |     2 ||     4
  Eat: Chunk             |     5 |     9 |    24 |     7 ||    45
       Ration            |       |       |       |     1 ||     1
Armor: Robe              |    12 |     5 |    34 |    15 ||    66
       Leather armour    |     1 |       |       |       ||     1
       Skin              |     1 |     4 |    16 |     1 ||    22
       Plate armour      |       |       |       |     7 ||     7
Dodge: Dodged            |    75 |    75 |   267 |    77 ||   494
       Rpst.: Great sword |       |       |    12 |     7 ||    19

Table legend:
 A = Non-vault XP
 B = Vault XP
 C = Vault XP percentage of total XP
 D = Non-vault monster count
 E = Vault monster count
 F = Vault count percentage of total count
                 A         B        C        D         E       F
            +---------+---------+-------+---------+---------+-------
      Total |   11112 |    2250 |  16.8 |     209 |      30 |  12.6
            +---------+---------+-------+---------+---------+-------
        D:1 |      36 |       5 |  12.2 |      20 |       3 |  13.0
        D:2 |      63 |      37 |  37.0 |      15 |       1 |   6.2
        D:3 |     182 |      35 |  16.1 |      24 |       1 |   4.0
        D:4 |     878 |       0 |   0.0 |      16 |       0 |   0.0
        D:5 |     291 |     365 |  55.6 |      12 |       2 |  14.3
        D:6 |     983 |       0 |   0.0 |      29 |       0 |   0.0
        D:7 |    1270 |       0 |   0.0 |      25 |       0 |   0.0
        D:8 |    1688 |       0 |   0.0 |      28 |       0 |   0.0
        D:9 |    3656 |    1660 |  31.2 |      28 |       7 |  20.0
     Lair:1 |    2065 |       0 |   0.0 |      12 |       0 |   0.0
    Ossuary |       0 |     148 | 100.0 |       0 |      16 | 100.0
            +---------+---------+-------+---------+---------+-------
